Map: Bel'Shir Vestige LE (Void)

Players

Warren

  • Race: Zerg Zerg
  • Spawn Location: 5:00

FeaR - Winner!

  • Race: Protoss Protoss
  • Spawn Location: 11:00

Event: WCS Austin 2017

VOD

Have the link to the VOD?

Description

Time

  • Played on: April 28, 2017, 2:56 p.m.
  • Length: 8:43

All games in this series

Show
View Real Time Build Order
Export as new Build Order

Warren Zerg 

Build Orders: Pool First 

Get SALT Encoding   

  12  0:00  Drone  
  13  0:12  Overlord  
  13  0:17  Drone  
  14  0:30  Drone x2  
  14  0:35  Drone, Extractor  
  16  0:46  Spawning Pool  
  16  0:49  Drone  
  16  0:55  Drone  
  17  1:06  Drone  
  18  1:27  Hatchery  
  18  1:30  Drone  
  18  1:34  Zergling x2  
  18  1:36  Metabolic Boost  
  19  1:46  Queen  
  21  1:53  Overlord  
  21  1:57  Drone  
  22  2:12  Drone x2  
  24  2:24  Hatchery  
  23  2:30  Queen  
  23  2:35  Drone  
  26  2:41  Drone x2  
  28  2:51  Queen  
  30  2:58  Zergling x4  
  30  3:01  Drone  
  30  3:03  Drone  
  34  3:06  Drone  
  34  3:10  Drone  
  36  3:14  Overlord  
  35  3:22  Drone  
  36  3:33  Lair  
  36  3:35  Drone x5  
  36  3:40  Drone x3  
  44  3:45  Queen  
  46  3:49  Drone  
  46  3:50  Drone  
  46  3:53  Drone, Extractor  
  48  3:56  Evolution Chamber  
  48  3:58  Drone  
  48  4:01  Overlord  
  49  4:02  Drone  
  49  4:06  Drone  
  50  4:11  Overlord  
  50  4:21  Drone x4  
  50  4:22  Drone  
  50  4:23  Roach Warren  
  54  4:25  Zerg Melee Weapons Level 1  
  54  4:29  Spore Crawler  
  54  4:30  Spore Crawler  
  52  4:32  Overseer  
  52  4:33  Zergling x4  
  54  4:39  Zergling x6  
  54  4:41  Overseer  
  57  4:46  Zergling x6  
  57  4:47  Zergling x2  
  61  4:53  Drone x4  
  61  4:54  Drone  
  66  5:04  Overlord x2  
  66  5:05  Overlord x2  
  66  5:24  Roach x9  
  66  5:27  Overseer  
  73  5:49  Drone x3  
  79  5:50  Drone x6  
  81  5:57  Extractor  
  78  6:07  Drone x4  
  78  6:08  Drone x2  
  78  6:10  Drone x2  
  84  6:15  Overlord x2  
  84  6:17  Glial Reconstitution  
  84  6:29  Drone  
  84  6:30  Drone x5  
  88  6:37  Drone  
  88  6:38  Drone x2  
  88  6:39  Hydralisk Den  
  90  6:42  Extractor, Baneling Nest  
  90  6:46  Drone x5  
  90  6:47  Drone  
  94  6:48  Overlord  
  94  6:59  Drone x3  
  97  7:07  Extractor  
  96  7:09  Muscular Augments  
  96  7:12  Overseer  
  96  7:14  Zergling x16  
  101  7:27  Ravager x2  
  100  7:30  Zergling x12  
  97  7:50  Hydralisk  
  97  7:51  Hydralisk  
  96  7:55  Drone  
  96  7:56  Overlord x2  
  98  8:06  Extractor  
  98  8:09  Hatchery  
  98  8:12  Overlord  
  95  8:13  Zergling x4  
  95  8:17  Baneling  
  95  8:18  Baneling x5  
  95  8:19  Zergling x20  
  107  8:29  Baneling x3  
Show
View Real Time Build Order
Export as new Build Order

FeaR Protoss - Winner!

Build Orders: 1 Gate Expand, Zealot Archon, Dark Templar Rush 

Get SALT Encoding   

  12  0:00  Probe (Chrono Boost)  
  13  0:11  Probe (Chrono Boost)  
  14  0:20  Pylon  
  14  0:23  Probe (Chrono Boost)  
  15  0:38  Probe (Chrono Boost)  
  15  0:40  Gateway  
  16  0:50  Probe (Chrono Boost)  
  16  0:52  Assimilator  
  17  1:00  Probe (Chrono Boost)  
  19  1:11  Probe (Chrono Boost)  
  19  1:22  Probe (Chrono Boost)  
  20  1:28  Nexus  
  20  1:39  Cybernetics Core  
  20  1:41  Probe (Chrono Boost)  
  21  1:47  Assimilator  
  21  1:52  Probe (Chrono Boost)  
  22  2:00  Pylon  
  22  2:02  Probe (Chrono Boost)  
  23  2:14  Adept  
  23  2:22  Mothership Core (Chrono Boost)  
  27  2:28  Warp Gate  
  27  2:40  Probe (Chrono Boost)  
  27  2:41  Probe (Chrono Boost)  
  27  2:42  Twilight Council, Adept  
  29  2:50  Probe (Chrono Boost)  
  32  2:54  Probe (Chrono Boost)  
  33  3:01  Probe (Chrono Boost)  
  34  3:06  Probe (Chrono Boost)  
  34  3:11  Probe (Chrono Boost)  
  35  3:16  Robotics Facility  
  35  3:17  Probe (Chrono Boost)  
  36  3:22  Probe (Chrono Boost)  
  37  3:28  Probe (Chrono Boost)  
  37  3:32  Probe (Chrono Boost)  
  37  3:33  Dark Shrine  
  39  3:38  Probe (Chrono Boost)  
  39  3:40  Pylon  
  40  3:43  Probe (Chrono Boost)  
  41  3:49  Probe (Chrono Boost)  
  41  3:53  Probe (Chrono Boost)  
  41  3:55  Gateway  
  43  3:56  Gateway  
  43  3:58  Gateway  
  43  4:01  Probe (Chrono Boost)  
  44  4:04  Warp Prism, Probe (Chrono Boost)  
  47  4:13  Probe (Chrono Boost)  
  47  4:14  Probe (Chrono Boost)  
  47  4:17  Assimilator  
  49  4:19  Assimilator  
  50  4:24  Pylon  
  50  4:25  Probe x2 (Chrono Boost)  
  51  4:37  Probe (Chrono Boost)  
  51  4:38  Probe (Chrono Boost)  
  53  4:43  Nexus  
  53  4:46  Pylon  
  53  4:55  Dark Templar  
  53  4:59  Dark Templar x2  
  59  5:06  Probe (Chrono Boost), Sentry  
  63  5:08  Probe (Chrono Boost)  
  63  5:20  Probe (Chrono Boost)  
  64  5:24  Probe (Chrono Boost)  
  63  5:31  Dark Templar x2  
  63  5:32  Probe (Chrono Boost), Dark Templar  
  63  5:35  Probe (Chrono Boost), Pylon  
  69  5:39  Forge  
  69  5:44  Probe (Chrono Boost)  
  69  5:48  Immortal  
  70  5:53  Probe (Chrono Boost), Pylon  
  70  5:54  Pylon  
  70  5:55  Probe (Chrono Boost)  
  70  5:56  Dark Templar  
  70  5:57  Probe (Chrono Boost)  
  79  5:58  Archon  
  79  6:00  Archon, Protoss Ground Weapons Level 1  
  79  6:04  Probe (Chrono Boost)  
  80  6:05  Probe (Chrono Boost)  
  80  6:09  Probe (Chrono Boost)  
  80  6:12  Charge  
  80  6:14  Probe (Chrono Boost)  
  80  6:16  Probe (Chrono Boost)  
  82  6:21  Gateway  
  82  6:22  Gateway  
  82  6:23  Gateway  
  82  6:33  Zealot x2  
  82  6:34  Zealot x2  
  82  6:38  Gateway  
  90  6:40  Gateway  
  90  6:43  Pylon  
  94  6:50  Pylon  
  94  6:56  Sentry x3  
  94  7:00  Pylon  
  100  7:01  Immortal  
  100  7:02  Pylon  
  100  7:03  Zealot, Pylon  
  100  7:05  Pylon  
  102  7:19  Sentry x2  
  106  7:27  Sentry  
  106  7:28  Zealot x2  
  106  7:29  Zealot  
  114  7:43  Immortal  
  112  7:49  Zealot x5  
  118  7:58  Zealot  
  120  8:07  Pylon  
  120  8:08  Gateway  
  120  8:09  Pylon, Gateway  
  120  8:12  Zealot x6  
  132  8:13  Zealot x2  
  136  8:20  Observer  
  137  8:33  Zealot x6  
Tags
 
Add a new tag
Caveats
  • Supply blocks, unpowered buildings, or Contaminate may cause inaccurate times.
  • Supply counts are checked every 10 seconds.